 Dungeon Crawl Stone Soup version 0.21.1-1-g345015f (webtiles) character file.

19 goulibeur the Unweaver (level 2, -1/24 HPs)
             Began as a Demonspawn Abyssal Knight on July 9, 2018.
             Was a Follower of Lugonu.
             Slain by a gnoll
             ... wielding a +0 spear
              (6 damage)
             ... on level 1 of the Dungeon.
             The game lasted 00:02:25 (573 turns).

goulibeur the Unweaver (Demonspawn Abyssal Knight)   Turns: 573, Time: 00:02:25

Health: -1/24      AC:  6    Str: 12    XL:     2   Next: 55%
Magic:  4/4        EV:  9    Int: 13    God:    Lugonu [*.....]
Gold:   107        SH:  0    Dex: 12    Spells: 1/1 levels left

rFire    . . .     SeeInvis .   a - +1 short sword
rCold    . . .     Gourm    .   (no shield)
rNeg     . . .     Faith    .   j - +0 scale mail
rPois    .         Spirit   .   (no helmet)
rElec    .         Reflect  .   (no cloak)
rCorr    .         Harm     .   (no gloves)
MR       .....                  (no boots)
Stlth    ..........             (no amulet)
HPRegen  0.08/turn              (no ring)
MPRegen  0.09/turn              (no ring)

@: drained
A: powered by pain 1
a: Depart the Abyss, Renounce Religion


You were on level 1 of the Dungeon.
You worshipped Lugonu.
Lugonu was aware of your devotion.
You were not hungry.

You visited 1 branch of the dungeon, and saw 1 of its levels.
You visited the Abyss 1 time.

You collected 107 gold pieces.

Inventory:

Hand Weapons
 a - a +1 short sword (weapon)
Armour
 b - a +0 leather armour
 j - a +0 scale mail (worn)
Scrolls
 e - a scroll of magic mapping {unknown}
 g - a scroll of immolation {unknown}
 i - a scroll of random uselessness {unknown}
 k - a scroll of identify {unknown}
Potions
 f - a potion of curing {unknown}
 h - a potion of resistance {unknown}
Comestibles
 c - a ration
 d - 3 chunks of flesh


   Skills:
 + Level 3.2(3.1) Fighting
 - Level 1.7(1.6) Short Blades
 + Level 2.0(1.9) Armour
 + Level 1.2(1.1) Dodging
 * Level 3.2(3.1) Invocations


You had one spell level left.
You didn't know any spells.

Dungeon Overview and Level Annotations

Branches:
Dungeon (1/15)

Altars:


Innate Abilities, Weirdness & Mutations

You sometimes gain a little power by taking damage.


Message History

The gnoll barely misses you.
You completely miss the gnoll.
The gnoll is moderately wounded.
The gnoll barely misses you. The gnoll completely misses you.
You closely miss the gnoll.
The gnoll is moderately wounded.
The gnoll barely misses you. x2
You puncture the gnoll!
The gnoll is almost dead.
The gnoll hits you but does no damage. The gnoll hits you with a halberd.
The gnoll hits you from afar with a halberd.
* * * LOW HITPOINT WARNING * * *
You see here a dagger.
The gnoll hits you from afar with a spear!
* * * LOW HITPOINT WARNING * * *
You feel a little less mighty now. The gnoll barely misses you.
You closely miss the gnoll. The gnoll barely misses you.
You closely miss the gnoll. The gnoll hits you with a spear.
You die...

...######.##..##.##.##.##.##.##.#
...# #.##..##.##.......##.##.#
...# #.....##<##.##...........
...# ####..##.##.##########.##
...# #..##.##.###### #.# ...#
###.###.......# #.#
...##########..# #.......# #.#
...............###.......# #.#
..............Kg@........# #.#
..............g###.......# #.#
...#####..#....# #.......# #.#
.>..## #..###..# #.......# ##.#
.....# #..##..K# ######### #.(#
..)..# #.......# ##### #.##
...#.###...#.#g#####...# #.#
...................#...### #.#
...#.###...#.#####.......####.#


You could see 2 gnolls and a kobold.

Vanquished Creatures
  3 hobgoblins (D:1)
  2 jackals (D:1)
  A ball python (D:1)
  2 bats (D:1)
  4 frilled lizards (D:1)
  2 goblins (D:1)
  3 kobolds (D:1)
  3 rats (D:1)
20 creatures vanquished.

Notes
Turn   | Place    | Note
-------+----------+-------------------------------------------
     0 | Abyss:1  | goulibeur the Demonspawn Abyssal Knight began the quest for the Orb.
     0 | Abyss:1  | Reached XP level 1. HP: 18/18 MP: 2/2
     8 | Abyss:1  | Noticed a thrashing horror
     9 | D:1      | Escaped the Abyss
   125 | D:1      | Reached skill level 1 in Dodging
   143 | D:1      | Reached * piety under Lugonu
   229 | D:1      | Gained mutation: You sometimes gain a little power by taking damage. [demonic ancestry]
   229 | D:1      | Reached XP level 2. HP: 23/24 MP: 2/4
   573 | D:1      | Slain by a gnoll

Skill      XL: |  1  2 |
---------------+-------+-----
Dodging        | 1 |  1.2
Invocations    | 3 |  3.2
Armour         | 2 |  2.0
Fighting       | |  3.2
Short Blades   | |  1.7

Action                   || total
-------------------------++-------
Melee: Short sword       ||    66
Invok: Depart the Abyss  ||     1
Armor: Leather armour    ||    10
       Scale mail        ||    16
Dodge: Dodged            ||    36
